General information
- name: BNet
- type: Ladder team game (AT/RT)
- host: Battle.net
- saver: Anonymou
map: TidewaterGlades
- players: 4
- length: 21:56
- speed: Fast
- version: 1.24 W3XP
- replay type: Public
» download(167 KB)
Players
team 1 (winner)
Anonymou (
green | 133 APM | 2924 actions | 21:56)
5 Death Knight
3 Death Coil
2 Unholy Aura
5 Lich
3 Frost Nova
2 Dark Ritual
4 Crypt Lord
2 Impale
2 Spiked Carapace
3 Priestess of the Moon
2 Searing Arrows
1 Starfall
» actions
| Assign group hotkey | 173 | |
| Basic commands | 358 | |
| Build / train | 92 | |
| ESC pressed | 9 | |
| Enter build submenu | 23 | |
| Enter hero's abilities submenu | 18 | |
| Give item / drop item | 6 | |
| Right click | 720 | |
| Select / deselect | 562 | |
| Select group hotkey | 798 | |
| Use ability | 165 | |
2924 total
» units
| Acolyte | 2 | |
| Ghoul | 1 | |
| Crypt Fiend | 13 | |
| Obsidian Statue | 8 | |
| Abomination | 6 | |
| Dryad | 7 | |
| Huntress | 2 | |
| Glaive Thrower | 3 | |
| Gargoyle | 1 | |
43 total
» upgrades
| Creature Attack | 2 | |
| Destroyer Form | 1 | |
| Web | 1 | |
| Disease Cloud | 1 | |
| Strength of the Wild | 1 | |
6 total
» buildings
| Crypt | 1 | |
| Graveyard | 1 | |
| Altar of Darkness | 1 | |
| Ziggurat | 8 | |
| Tomb of Relics | 1 | |
| Halls of the Dead | 4 | |
| Black Citadel | 1 | |
| Slaughterhouse | 2 | |
| Moon Well | 2 | |
21 total
» build order
00:06 Crypt
00:09 Graveyard
00:18 Altar of Darkness
00:29 Ziggurat
01:37 Ziggurat
02:06 Tomb of Relics
03:27 Halls of the Dead
03:27 Halls of the Dead
03:27 Halls of the Dead
04:54 Ziggurat
05:50 Black Citadel
06:46 Slaughterhouse
07:48 Ziggurat
08:52 Slaughterhouse
08:53 Ziggurat
11:10 Ziggurat
12:22 Ziggurat
13:40 Ziggurat
15:58 Moon Well
16:40 Moon Well
» items
| Rod of Necromancy | 2 | |
| Scroll of Healing | 2 | |
| Scroll of Protection | 1 | |
| Potion of Mana | 1 | |
| Potion of Lesser Invulnerability | 1 | |
7 total
deathcoil_ (
red | 133 APM | 1906 actions | 14:16)
3 Priestess of the Moon
1 Searing Arrows
2 Trueshot Aura
» actions
| Assign group hotkey | 151 | |
| Basic commands | 22 | |
| Build / train | 49 | |
| ESC pressed | 4 | |
| Enter build submenu | 16 | |
| Enter hero's abilities submenu | 3 | |
| Give item / drop item | 3 | |
| Right click | 885 | |
| Select / deselect | 245 | |
| Select group hotkey | 478 | |
| Use ability | 50 | |
1906 total
» units
» upgrades
| Strength of the Wild | 1 | |
| Abolish Magic | 1 | |
2 total
» buildings
| Altar of Elders | 1 | |
| Moon Well | 6 | |
| Hunter's Hall | 1 | |
| Ancient of War | 2 | |
| Tree of Life | 2 | |
| Tree of Ages | 1 | |
| Ancient of Lore | 2 | |
15 total
» build order
00:09 Altar of Elders
00:19 Moon Well
01:52 Hunter's Hall
01:54 Ancient of War
02:08 Moon Well
02:33 Ancient of War
03:11 Moon Well
03:58 Moon Well
05:56 Moon Well
06:27 Tree of Life
08:31 Tree of Life
09:34 Tree of Ages
12:20 Ancient of Lore
12:20 Ancient of Lore
13:20 Moon Well
» items
| Scroll of Healing | 2 | |
| Scroll of Protection | 1 | |
| Orb of Corruption | 1 | |
| Rod of Necromancy | 1 | |
5 total
team 2 (loser)
qCer (
teal | 128 APM | 2816 actions | 21:55)
4 Death Knight
2 Unholy Aura
2 Death Coil
3 Lich
2 Frost Nova
1 Frost Armor
2 Crypt Lord
1 Impale
1 Spiked Carapace
» actions
| Assign group hotkey | 49 | |
| Basic commands | 52 | |
| Build / train | 69 | |
| Enter build submenu | 11 | |
| Enter hero's abilities submenu | 9 | |
| Give item / drop item | 7 | |
| Right click | 1020 | |
| Select / deselect | 417 | |
| Select group hotkey | 1053 | |
| Use ability | 129 | |
2816 total
» units
| Acolyte | 2 | |
| Ghoul | 2 | |
| Crypt Fiend | 15 | |
| Obsidian Statue | 7 | |
| Abomination | 1 | |
27 total
» upgrades
| Destroyer Form | 1 | |
| Creature Attack | 1 | |
| Web | 1 | |
| Creature Carapace | 1 | |
| Burrow | 1 | |
5 total
» buildings
| Graveyard | 1 | |
| Crypt | 1 | |
| Altar of Darkness | 1 | |
| Ziggurat | 5 | |
| Tomb of Relics | 1 | |
| Halls of the Dead | 2 | |
| Slaughterhouse | 1 | |
| Black Citadel | 2 | |
14 total
» build order
00:05 Graveyard
00:11 Crypt
00:41 Altar of Darkness
00:57 Ziggurat
01:24 Tomb of Relics
02:04 Ziggurat
03:40 Halls of the Dead
04:25 Ziggurat
06:21 Ziggurat
07:04 Slaughterhouse
08:02 Black Citadel
08:02 Black Citadel
08:38 Ziggurat
» items
| Rod of Necromancy | 2 | |
| Potion of Mana | 3 | |
| Potion of Healing | 1 | |
| Scroll of Town Portal | 2 | |
| Orb of Corruption | 1 | |
| Lesser Clarity Potion | 1 | |
| Scroll of Healing | 1 | |
| Scroll of Protection | 1 | |
12 total

»
WeAk[SAINT] (
orange | 240 APM | 5251 actions | 21:51)
4 Archmage
2 Summon Water Elemental
2 Brilliance Aura
3 Mountain King
2 Storm Bolt
1 Thunder Clap
» actions
| Assign group hotkey | 82 | |
| Basic commands | 356 | |
| Build / train | 122 | |
| Enter build submenu | 27 | |
| Enter hero's abilities submenu | 7 | |
| Give item / drop item | 1 | |
| Right click | 2068 | |
| Select / deselect | 615 | |
| Select group hotkey | 1811 | |
| Use ability | 162 | |
5251 total
» units
| Peasant | 16 | |
| Footman | 9 | |
| Rifleman | 26 | |
| Sorceress | 6 | |
| Priest | 8 | |
| Mortar Team | 16 | |
81 total
» upgrades
» buildings
| Altar of Kings | 1 | |
| Farm | 14 | |
| Barracks | 1 | |
| Keep | 2 | |
| Arcane Vault | 2 | |
| Lumber Mill | 1 | |
| Blacksmith | 1 | |
| Scout Tower | 2 | |
| Guard Tower | 4 | |
| Arcane Sanctum | 1 | |
| Workshop | 1 | |
30 total
» build order
00:08 Altar of Kings
00:17 Farm
00:22 Barracks
00:49 Farm
01:37 Farm
03:19 Keep
03:19 Keep
03:32 Arcane Vault
03:34 Arcane Vault
03:36 Lumber Mill
03:42 Farm
03:53 Blacksmith
04:08 Farm
04:39 Farm
05:24 Scout Tower
05:25 Scout Tower
05:57 Guard Tower
05:58 Guard Tower
05:58 Guard Tower
06:25 Arcane Sanctum
07:32 Farm
08:16 Farm
09:56 Farm
13:21 Farm
13:22 Farm
13:27 Farm
13:28 Farm
13:29 Farm
15:49 Workshop
» items
| Scroll of Regeneration | 5 | |
| Potion of Healing | 3 | |
| Scroll of Town Portal | 4 | |
| Potion of Lesser Invulnerability | 3 | |
15 total
Chat log
(14:41 / All) qCer: where he gone?
(21:45 / All) WeAk[SAINT]: GG WP
(21:53 / All) qCer: gg
(21:55 / All) Anonymou: gg